 Dungeon Crawl Stone Soup version 0.27-a0-1071-ga85bd9520d (webtiles) character file.

Game seed: 10065996977388461342

93 HoaS the Ruffian (level 4, 0/36 HPs)
             Began as a Demigod Gladiator on Apr 24, 2021.
             Slain by Ijyb
             ... wielding a +4 dagger of freezing
              (3 damage)
             ... on level 3 of the Dungeon.
             The game lasted 00:04:02 (2874 turns).

HoaS the Ruffian (Demigod Gladiator)                Turns: 2874, Time: 00:04:03

Health: 0/36       AC:  7    Str: 19    XL:     4   Next: 15%
Magic:  6/6        EV: 10    Int: 10    God:
Gold:   103        SH:  0    Dex: 15    Spells: 3/3 levels left

rFire    . . .     SeeInvis .     - Unarmed
rCold    . . .     Faith    .   (no shield)
rNeg     . . .     Spirit   .   a - +0 scale mail
rPois    .         Reflect  .   b - +0 helmet
rElec    .         Harm     .   (no cloak)
rCorr    .         Rampage  .   j - +0 pair of gloves
Will     .....                  h - +2 pair of boots
Stlth    ..........             (no amulet)
HPRegen  0.12/turn              (no ring)
MPRegen  0.10/turn              (no ring)

@: corroded
A: high mp 1, forlorn
a: no special abilities


You were on level 3 of the Dungeon.
You visited 1 branch of the dungeon, and saw 3 of its levels.

You collected 103 gold pieces.

Inventory:

Missiles
 i - 3 boomerangs (quivered)
Armour
 a - a +0 scale mail (worn)
 b - a +0 helmet (worn)
 h - a +2 pair of boots (worn)
 j - a +0 pair of gloves (worn)
Scrolls
 k - a scroll of vulnerability {unknown}
Potions
 d - a potion of magic {unknown}
 e - 2 potions of curing {unknown}
 f - a potion of attraction {unknown}
 g - a potion of lignification {unknown}


   Skills:
 - Level 1.7 Fighting
 - Level 1.7 Throwing
 - Level 2.6 Dodging
 + Level 4.8 Unarmed Combat


You had 3 spell levels left.
You didn't know any spells.
Your spell library was empty.

Dungeon Overview and Level Annotations

Branches:
Dungeon (3/15)

Shops:
D:2 *

Annotations:
D:3 Ijyb


Innate Abilities, Weirdness & Mutations

Your attributes grow dramatically as you level up.
You have an increased reservoir of magic. (+10% MP)
You shall have no god before yourself.


Message History

A rat is nearby!
A rat is nearby!
The rat barely misses you.
You barely miss the rat. The rat completely misses you.
You hit the rat.
The rat is severely wounded.
The rat barely misses you.
You hit the rat.
You kill the rat!
No target in view!
k - a scroll labelled PYFAD OREZ QIE Ijyb the Twisted Goblin comes into view.
She is wielding a +4 dagger of freezing and carrying a wand of acid (5).
Ijyb shouts!
Ijyb is nearby!
Ijyb grins evilly.
Ijyb hits you but does no damage.
You throw a throwing net. The throwing net closely misses Ijyb.
Ijyb hits you but does no damage.
You throw a throwing net. The throwing net misses Ijyb.
Ijyb hits you but does no damage.
You throw a throwing net. The throwing net barely misses Ijyb.
Ijyb hits you but does no damage.
Okay, then.
You hit Ijyb but do no damage.
Ijyb zaps a wand.
The bolt of acid hits you! The acid corrodes you!
You are splashed with acid!
You hit Ijyb.
Ijyb is lightly wounded.
Ijyb hits you with a +4 dagger of freezing.
Ijyb freezes you.
* * * LOW HITPOINT WARNING * * *
You hit Ijyb but do no damage.
Ijyb is lightly wounded.
Ijyb hits you with a +4 dagger of freezing.
* * * LOW HITPOINT WARNING * * *
Ijyb freezes you.
* * * LOW HITPOINT WARNING * * *
You closely miss Ijyb.
Ijyb is lightly wounded.
Ijyb hits you with a +4 dagger of freezing.
You die...

......♣.♣≈......# ##########
###≈≈♣.≈≈♣≈. .. #......... #
#..#≈≈≈.♣. .## #.######## #
#≈.#.≈≈..≈. .(. #.# #
#..#..≈..≈. ..# ####.#### #
#.###.####.# #.# #.......#
###.# #.# #.# #.# ##.#####.#
....# #.# #.# #g# #...#
#.####. .#### #.#
#.#.#@###.#.# #.....≈
.######.# #.#.........#
#.###≈≈
....<.#.####.###.####.#####.#
.###.........###.####.......#
.###.....†.......##......####
......#.####.######.######
......#.# #.# #. .##..##.#
#.# # .....##.####.######.#


You could see Ijyb.

Vanquished Creatures
  An orc wizard (D:3)
  An adder (D:2)
  A dart slug (D:3)
  6 orcs
  3 bats
  An endoplasm (D:2)
  A giant cockroach (D:1)
  2 goblins (D:2)
  6 hobgoblins
  10 kobolds
  7 quokkas
  2 ball pythons
  4 frilled lizards
  4 rats
  A bush (D:2)
50 creatures vanquished.

Vanquished Creatures (others)
  13 plants (D:2)
13 creatures vanquished.

Grand Total: 63 creatures vanquished

Notes
Turn   | Place    | Note
-------+----------+-------------------------------------------
     0 | D:1      | HoaS the Demigod Gladiator began the quest for the Orb.
     0 | D:1      | Reached XP level 1. HP: 17/17 MP: 3/3
   176 | D:1      | Reached skill level 3 in Unarmed Combat
   536 | D:1      | Reached XP level 2. HP: 17/24 MP: 4/4
   983 | D:2      | Found Senate Pofich's General Store.
  1353 | D:2      | Reached XP level 3. HP: 29/29 MP: 5/5
  1367 | D:2      | Reached skill level 4 in Unarmed Combat
  2390 | D:3      | Reached XP level 4. HP: 3/36 MP: 6/6
  2866 | D:3      | Noticed Ijyb
  2874 | D:3      | Slain by Ijyb

Illustrated notes

Levels and vault maps discovered:
D:1:      sevenhm_arrival_forest_fort_large_2, layout_basic, grunt_decor_cap
D:2:      layout_basic, serial_shops, nicolae_shop_window_shopping,
          lexackson_kobold_supper
D:3:      layout_loops_ring, chequers_ecumenical_altar_lobes, serial_rivers,
          chequers_serial_rivers_marsh, chequers_serial_rivers_micro_b,
          chequers_serial_rivers_large_a, chequers_serial_rivers_micro_b,
          uniq_ijyb

Skill      XL: |  1  2  3 |
---------------+----------+-----
Unarmed Combat | 3 4 |  4.8
Fighting       | |  1.7
Throwing       | |  1.7
Dodging        | |  2.6

Action                   |  1- 3 |  4- 6 || total
-------------------------+-------+-------++-------
Melee: Unarmed           |   336 |    31 ||   367
       Punch             |    12 |     1 ||    13
Throw: Throwing net      |       |     3 ||     3
  Use: Scroll            |     1 |       ||     1
 Stab: Sleeping          |     2 |       ||     2
Armor: Leather armour    |    20 |       ||    20
       Ring mail         |     9 |       ||     9
       Scale mail        |    20 |    18 ||    38
Dodge: Dodged            |    90 |    11 ||   101

Table legend: (Time is in decaauts)
 A = Elapsed time spent in this place.
 B = Non-inter-level travel time spent in this place.
 C = Inter-level travel time spent in this place.
 D = Time resting spent in this place.
 E = Time spent auto-exploring this place.
 F = Levels seen in this place.
 G = Mean time per level.
                   A        B        C        D        E       F      G
               +--------+--------+--------+--------+--------+-----+--------+
         Total |   2847 |   2732 |    115 |    681 |   1479 |   3 |  949.0 |
       Dungeon |   2847 |   2732 |    115 |    681 |   1479 |   3 |  949.0 |
               +--------+--------+--------+--------+--------+-----+--------+

Top non-repeatable levels by time:
     D:2: 1635 daAuts
     D:1: 950 daAuts
     D:3: 261 daAuts
